 Dungeon Crawl Stone Soup version 0.26-a0-639-g72c4674329 (webtiles) character file.

Game seed: 7853738238035853667

354 Borgoz the Cudgeler (level 6, -2/58 HPs)
             Began as a Gargoyle Berserker on Sept 20, 2020.
             Was a Believer of Trog.
             Slain by an ogre
             ... wielding a +0 giant spiked club
              (31 damage)
             ... on level 4 of the Dungeon.
             The game lasted 00:06:06 (4884 turns).

Borgoz the Cudgeler (Gargoyle Berserker)            Turns: 4884, Time: 00:06:07

Health: -2/58      AC: 10    Str: 21    XL:     6   Next: 62%
Magic:  6/6        EV: 12    Int:  7    God:    Trog [**....]
Gold:   144        SH:  0    Dex: 11    Spells: 5/5 levels left

rFire    . . .     SeeInvis .   p - +0 morningstar
rCold    . . .     Faith    .   (no shield)
rNeg     + . .     Spirit   .   a - +0 ring mail (curse)
rPois    ∞         Reflect  .   (no helmet)
rElec    +         Harm     .   (no cloak)
rCorr    .         Rampage  .   (no gloves)
MR       .....                  (no boots)
Stlth    ..........             (no amulet)
HPRegen  0.19/turn              (no ring)
MPRegen  0.10/turn              (no ring)

@: berserking, very quick
A: negative energy resistance 1, electricity resistance, unbreathing,
petrification resistance, rot immunity, AC +4
a: Berserk, Trog's Hand, Renounce Religion


You were on level 4 of the Dungeon.
You worshipped Trog.
Trog was pleased with you.
You visited 1 branch of the dungeon, and saw 4 of its levels.

You collected 144 gold pieces.

Inventory:

Hand Weapons
 p - a +0 morningstar (weapon)
Armour
 a - a cursed +0 ring mail (worn)
 h - a +0 scale mail
Scrolls
 b - 4 scrolls of teleportation {unknown}
 c - a scroll of random uselessness {unknown}
 e - 3 scrolls of fog
 f - 5 scrolls of identify {unknown}
 i - 3 scrolls of amnesia {unknown}
 j - 3 scrolls of enchant weapon {unknown}
 n - a scroll of fear {unknown}
 q - a scroll of remove curse {unknown}
Potions
 d - a potion of might {unknown}
 g - 2 potions of curing {unknown}
 k - a potion of flight {unknown}
 l - 2 potions of stabbing {unknown}
 m - a potion of ambrosia {unknown}
 o - a potion of degeneration {unknown}
 r - a potion of lignification {unknown}


   Skills:
 + Level 4.3 Fighting
 * Level 4.8 Maces & Flails
 + Level 3.5 Armour
 * Level 3.4 Dodging


You had 5 spell levels left.
You didn't know any spells.
Your spell library was empty.

Dungeon Overview and Level Annotations

Branches:
Dungeon (4/15)
 Temple: D:4-7

Altars:
Gozag
Okawaru

Shops:
D:4 *


Innate Abilities, Weirdness & Mutations

You are resistant to torment.
Your stone body is resilient. (AC +4)
You are immune to poison.
You resist negative energy. (rN+)
You are resistant to electric shocks. (rElec)
You can survive without breathing.
You are immune to petrification.
You are immune to rotting.


Message History

The jackal barks! x2; You hear a bark!
A jackal comes into view.
You hear a bark!
You see here a scroll labeled YSHROU ESEMUN.
f - 5 scrolls labeled YSHROU ESEMUN (gained 1)
A jackal comes into view.
You hit the ogre.
The ogre is lightly wounded.
The ogre hits you with a +0 giant spiked club!!
Ouch! That really hurt!
The jackal completely misses you.
The jackal bites you but does no damage.
You are too injured to fight recklessly!
You are too injured to fight recklessly!
A red film seems to cover your vision as you go berserk!
You feel yourself moving faster!
You feel mighty! The jackal barely misses you. The jackal closely misses you.
The ogre hits you with a +0 giant spiked club!!
Ouch! That really hurt!
You die...

..##..##..## ##........
.##....##..## #.......).
.#......#...## .........
##..##..##...## .........
#..####..#....###...h....
#..#..#..#.....##.......#
#..#.##..##.....#........
...#†#..####....hhh......
...#....# ##...@O#######
...##..## #......#
....#### ######## ..###
###


You could see an ogre and 4 jackals.

Vanquished Creatures
  An ogre (D:4)
  A bullfrog skeleton (D:4)
  An iguana (D:4)
  An orc wizard (D:4)
  6 gnolls
  4 adders
  A white imp (D:2)
  5 worms
  A dart slug (D:3)
  4 leopard geckos
  5 orcs
  A giant cockroach (D:3)
  6 goblins
  6 hobgoblins
  9 jackals
  2 quokkas
  4 bats
  A frilled lizard (D:3)
  3 kobolds
  11 rats
73 creatures vanquished.

Notes
Turn   | Place    | Note
-------+----------+-------------------------------------------
     0 | D:1      | Borgoz the Gargoyle Berserker began the quest for the Orb.
     0 | D:1      | Reached XP level 1. HP: 14/14 MP: 1/1
   208 | D:1      | Reached XP level 2. HP: 19/19 MP: 2/2
   813 | D:1      | You fall into a shaft and drop 1 floor!
  1095 | D:2      | Reached XP level 3. HP: 23/23 MP: 3/3
  1374 | D:2      | Found an iron altar of Okawaru.
  1697 | D:2      | Reached ** piety under Trog
  2352 | D:2      | Reached XP level 4. HP: 14/28 MP: 4/4
  3323 | D:3      | Reached XP level 5. HP: 25/33 MP: 5/5
  3532 | D:3      | Found a faded altar of an unknown god.
  4472 | D:4      | Found Gozag's Platinum Reserve.
  4472 | D:4      | Found an opulent altar of Gozag.
  4515 | D:4      | Noticed an ogre
  4607 | D:4      | Reached XP level 6. HP: 34/38 MP: 6/6
  4884 | D:4      | Slain by an ogre

Illustrated notes

Levels and vault maps discovered:
D:1:      sevenhm_arrival_forest_fort_large_2, layout_basic, kennysheep_boxes
D:2:      layout_basic, okawaru_ov_weapons_minmay
D:3:      layout_loops_ring, chequers_ecumenical_altar_island,
          chequers_serial_rivers_micro_a
D:4:      layout_cave_pods, nicolae_gozag_zags_fifth_avenue, hex_tiny,
          minmay_puff

Skill      XL: |  1  2  3  4  5 |
---------------+----------------+-----
Dodging        | 2 3 |  3.4
Armour         | 3 |  3.5
Maces & Flails | 4 |  4.8
Fighting       | 4 |  4.3

Action                   |  1- 3 |  4- 6 || total
-------------------------+-------+-------++-------
Melee: Mace              |   110 |       ||   110
       Morningstar       |     6 |   142 ||   148
Invok: Berserk           |     1 |     3 ||     4
       Trog's Hand       |       |     1 ||     1
  Use: Scroll            |       |     1 ||     1
Armor: Animal skin       |    48 |       ||    48
       Ring mail         |    40 |    82 ||   122
Dodge: Dodged            |   155 |   153 ||   308

Table legend: (Time is in decaauts)
 A = Elapsed time spent in this place.
 B = Non-inter-level travel time spent in this place.
 C = Inter-level travel time spent in this place.
 D = Time resting spent in this place.
 E = Time spent auto-exploring this place.
 F = Levels seen in this place.
 G = Mean time per level.
                   A        B        C        D        E       F      G
               +--------+--------+--------+--------+--------+-----+--------+
         Total |   4987 |   4916 |     71 |   2065 |   2164 |   4 | 1246.8 |
       Dungeon |   4987 |   4916 |     71 |   2065 |   2164 |   4 | 1246.8 |
               +--------+--------+--------+--------+--------+-----+--------+

Top non-repeatable levels by time:
     D:2: 1802 daAuts
     D:3: 1193 daAuts
     D:1: 1093 daAuts
     D:4: 898 daAuts
